 Dungeon Crawl Stone Soup version 0.31.0-2-g5a2aebc5c2 (webtiles) character file.

Game seed: 10752519081385687098

48 ssalbiz the Chopper (level 3, -7/31 HPs)
             Began as a Minotaur Berserker on Jan 21, 2024.
             Was a Follower of Trog.
             Mangled by a gnoll
             ... wielding a +0 halberd
              (13 damage)
             ... on level 2 of the Dungeon.
             The game lasted 00:00:35 (821 turns).

ssalbiz the Chopper (Minotaur Berserker)             Turns: 821, Time: 00:00:35

Health: -7/31      AC:  2    Str: 23    XL:     3   Next: 50%
Magic:  2/2        EV: 12    Int:  4    God:    Trog [*.....]
Gold:   30         SH:  0    Dex:  9    Spells: 2/2 levels left

rFire   . . .        a - +0 hand axe
rCold   . . .        (no shield)
rNeg    . . .        b - +0 animal skin
rPois   .            (helmet restricted)
rElec   .            (no cloak)
rCorr   .            (no gloves)
SInv    .            (no boots)
Will    .....        (no amulet)
Stlth   +            (no ring)
HPRegen 0.25/turn    (no ring)
MPRegen 0.08/turn

%: no passive effects
@: on berserk cooldown, slowed, very slow
A: horns 2, retaliatory headbutt
a: Renounce Religion, Berserk


You were on level 2 of the Dungeon.
You worshipped Trog.
Trog was aware of your devotion.
You visited 1 branch of the dungeon, and saw 2 of its levels.

You collected 30 gold pieces.

Inventory:

Hand Weapons
 a - a +0 hand axe (weapon)
Armour
 b - a +0 animal skin (worn)
Scrolls
 d - a scroll of teleportation {unknown}
 f - a scroll of enchant weapon {unknown}
Potions
 c - a potion of haste {unknown}
 e - 2 potions of mutation {unknown}


   Skills:
 - Level 3.6 Fighting
 + Level 5.5 Axes
 - Level 2.4 Armour
 - Level 2.1 Dodging


You had 2 spell levels left.
You didn't know any spells.
Your spell library was empty.

Dungeon Overview and Level Annotations

Branches:
Dungeon (2/15)

Altars:


Innate Abilities, Weirdness & Mutations

You have a pair of horns on your head.
You reflexively headbutt those who attack you in melee.


Message History

A red film seems to cover your vision as you go berserk!
You feel yourself moving faster!
You feel mighty!
You feel sick. The adder bites you. The adder closely misses you.
You miss the adder. Your headbutt misses the adder.
The adder is lightly wounded.
You feel sick.
You completely miss the adder.
The adder is lightly wounded.
The adder closely misses you.
You barely miss the adder.
The adder is lightly wounded.
You slash the gnoll!
You feel sick. The adder closely misses you.
A gnoll comes into view. It is wielding a +2 whip of venom.
The gnoll closely misses you.
You miss the adder. Your headbutt misses the adder.
The adder is lightly wounded.
You barely miss the gnoll.
You feel sick. The adder closely misses you. The gnoll closely misses you.
The gnoll hits you from afar with a +0 halberd!
You barely miss the adder.
The adder is lightly wounded.
You slash the gnoll!
You kill the gnoll!
Trog accepts your kill.
You feel sick.
You are no longer poisoned.
The adder misses you. You furiously retaliate!
You headbutt the adder!!
You kill the adder!
Trog accepts your kill.
A gnoll comes into view. It is wielding a +0 club.
You feel a strong urge to attack something.
The gnoll attacks as it pursues you!
The gnoll hits you from afar with a +0 halberd!
* * * LOW HITPOINT WARNING * * *
You feel your anger nearly subside.
You are no longer berserk.
You are exhausted.
You feel yourself slow down.
There is a stone staircase leading up here.
The gnoll hits you from afar with a +0 halberd!
You die...

#.#$# ### .##
#.#.# #.. ..##
#.#.###.##...# #
#.... ^...... #.#
#...###.##.# ....
###†#.#......#..♣
#........?..).#
#.#.#.#......##
#....@.gg...#..#
###.#.#.....# .#
.....###.### ..
#.##### #.# ♣♣ #.
#.# . #.# # #.#


You could see 2 gnolls.

Vanquished Creatures
  An adder (D:2)
  A gnoll (D:2)
  A dart slug (D:1)
  3 ball pythons (D:1)
  2 endoplasms (D:1)
  A giant cockroach (D:1)
  3 goblins (D:1)
  4 hobgoblins (D:1)
  4 kobolds (D:1)
  A quokka (D:1)
  2 frilled lizards
  A rat (D:1)
24 creatures vanquished.

Notes
Turn   | Place    | Note
-------+----------+-------------------------------------------
     0 | D:1      | ssalbiz the Minotaur Berserker began the quest for the Orb.
     0 | D:1      | Reached XP level 1. HP: 19/19 MP: 0/0
    50 | D:1      | Reached skill level 4 in Axes
   142 | D:1      | Reached XP level 2. HP: 26/26 MP: 1/1
   559 | D:1      | Reached skill level 5 in Axes
   799 | D:2      | Reached XP level 3. HP: 31/31 MP: 2/2
   821 | D:2      | Mangled by a gnoll

Illustrated notes

Levels and vault maps discovered:
D:1:      eino_arrival_cavern_b, layout_basic
D:2:      minmay_roachtagon, layout_loops_ring, ebering_ecumenical_altar_hall,
          nicolae_eternal_life

Skill      XL: |  1  2 |
---------------+-------+-----
Axes           | 4 5 |  5.5
Fighting       | |  3.6
Armour         | |  2.4
Dodging        | |  2.1

Action                     || total
---------------------------++-------
  Melee: Hand axe          ||    45
         Headbutt          ||     5
 Invoke: Berserk           ||     2
 Armour: Animal skin       ||    26
  Dodge: Dodged            ||    32
